 Dungeon Crawl Stone Soup version 0.32-a0-876-gcfddb08e57 (webtiles) character file.

Game seed: 12871862171504254833

24875 spaghetti the Marksdemonspawn (level 12, -1/78 HPs)
             Began as a Demonspawn Hunter on Apr 2, 2024.
             Was a Plaything of Xom.
             Slain by an elephant (15 damage)
             ... on level 2 of the Lair of Beasts.
             The game lasted 00:24:24 (10239 turns).

spaghetti the Marksdemonspawn (Demonspawn Hunter)  Turns: 10239, Time: 00:24:25

Health: -1/78      AC: 24    Str: 17    XL:     12   Next: 84%
Magic:  10/10      EV: 19    Int:  9    God:    Xom [*.....]
Gold:   1202       SH:  0    Dex: 27    Spells: 11/11 levels left

rFire   . . .        D - +0 orcbow (freeze)
rCold   + . .        (shield currently unavailable)
rNeg    . . .        v - +7 Kryia's mail coat {PotionHeal*2 rC+}
rPois   +            (no helmet)
rElec   +            C - +0 cloak {Will+}
rCorr   .            (no gloves)
SInv    .            k - +2 pair of boots
Will    .....        d - amulet "Higruleq" {*Slow rElec rPois Regen+ Str+4}
Stlth   +            o - +6 ring of dexterity
HPRegen 1.13/turn    q - +4 ring of protection
MPRegen 0.12/turn

%: slow self (1%)
@: weak-willed, weakened, fragile (+50% incoming damage), slowed, studying
Polearms, very slow
A: ignite blood 2, spiny 1, low MP 1, subdued magic 1
a: Renounce Religion


You were on level 2 of the Lair of Beasts.
You worshipped Xom.
You were a special plaything of Xom.
You visited 2 branches of the dungeon, and saw 12 of its levels.
You also visited: Ossuary.

You collected 1202 gold pieces.

Inventory:

Hand Weapons
 a - a +0 heavy shortbow
 D - a +0 orcbow of freezing (weapon)
Armour
 k - a +2 pair of boots (worn)
 v - the +7 Kryia's mail coat (worn) {PotionHeal*2 rC+}
   (You found it on level 5 of the Dungeon)

   PotionHeal*2: Potions heal its wearer twice as much.
   rC+:       It protects you from cold.
 C - a +0 cloak of willpower (worn)
Jewellery
 b - a ring of willpower
 d - the amulet "Higruleq" (around neck) {*Slow rElec rPois Regen+ Str+4}
   (Xom gifted it to you on level 4 of the Dungeon)

   [amulet of regeneration]

   Str+4:     It affects your strength (+4).
   rElec:     It insulates you from electricity.
   rPois:     It protects you from poison.
   Regen+:    It increases your rate of health regeneration.
   *Slow:     It may slow you when you take damage.
 e - a ring of positive energy
 f - an amulet of reflection
 l - a ring of fire
 o - a +6 ring of dexterity (left hand)
 q - a +4 ring of protection (right hand)
 H - a +6 ring of intelligence
Wands
 g - a wand of flame (29)
 m - a wand of charming (15)
 t - a wand of digging (14)
 A - a wand of polymorph (9)
Scrolls
 i - 3 scrolls of enchant armour
 j - a scroll of amnesia
 p - a scroll of vulnerability
 r - 2 scrolls of silence
 w - a scroll of fog
 y - 2 scrolls of revelation
Potions
 c - a potion of attraction
 h - 3 potions of enlightenment
 n - a potion of curing
 s - a potion of heal wounds
 x - a potion of berserk rage
 z - a potion of might
 B - 2 potions of cancellation
 F - a potion of magic
 J - a potion of degeneration


   Skills:
 - Level 2.0 Fighting
 + Level 15.6 Ranged Weapons
 + Level 9.6 Armour
 + Level 12.3 Dodging
 - Level 0.8 Stealth


You had 11 spell levels left.
You didn't know any spells.
Your spell library contained the following spells:

 Spells                   Type           Power      Damage    Failure   Level
 Apportation              Tloc           0%         N/A       69%         1
 Necrotise                Necr           0%         1d4       69%         1
 Sting                    Conj/Alch      0%         1d3       69%         1
 Summon Small Mammal      Summ           0%         N/A       69%         1
 Blink                    Tloc           0%         N/A       83%         2
 Lesser Beckoning         Tloc           0%         N/A       83%         2
 Momentum Strike          Conj/Tloc      0%         3d8       83%         2
 Call Canine Familiar     Summ           0%         N/A       96%         3
 Sigil of Binding         Hex            0%         N/A       96%         3
 Stone Arrow              Conj/Erth      0%         3d7       96%         3
 Teleport Other           Tloc           0%         N/A       96%         3
 Animate Armour           Summ/Erth      0%         N/A       100%        4
 Dimensional Bullseye     Hex/Tloc       0%         N/A       100%        4
 Maxwell's Portable Pile  Tloc           0%         2d(5-10)  100%        4
 Lehudib's Crystal Spear  Conj/Erth      0%         10d2      100%        8


Dungeon Overview and Level Annotations

Branches:
Dungeon (10/15)            Temple (0/1) D:4            Lair (2/5) D:9
Ossuary (visited)
  Swamp: Lair:2-3    Shoals: Lair:2-3     Snake: Lair:2-3    Spider: Lair:2-3
    Orc: D:9-12

Altars:
Gozag
Hepliaklqana
Kikubaaqudgha
Sif Muna
Uskayaw
Wu Jian
Xom

Shops:
D:9 [:

Annotations:
Lair:1 3 runed translucent doors, Fractals's ghost, novice MDFi


Innate Abilities, Weirdness & Mutations

Your demonic aura often causes spilled blood to erupt in flames.
You are partially covered in sharp spines.
Your magical capacity is low. (-10% MP)
Your spells are a little easier to cast, but a little less powerful.


Message History

The komodo dragon is engulfed in blazing flames.
You kill the komodo dragon!
You shoot an arrow. The arrow hits the elephant.
The arrow freezes the elephant.
You kill the elephant!
You are engulfed in seething chaos.
You feel as though you will be slow longer.
The water moccasin is struck by your spines.
The water moccasin misses you. The elephant is struck by your spines.
The elephant tramples you but does no damage.
The elephant trunk-slaps you but does no damage.
The elephant closely misses you. The elephant misses you.
The water moccasin is struck by your spines.
The water moccasin barely misses you. The elephant tramples you!
* * * LOW HITPOINT WARNING * * *
You stumble backwards!
Unknown command.
Unknown command.
Unknown command.
You shoot an arrow. The arrow hits the water moccasin!!
The arrow freezes the water moccasin.
You kill the water moccasin!
You are engulfed in seething chaos.
The elephant is engulfed in seething chaos.
The elephant seems to slow down.
The elephant closely misses you.
The elephant trunk-slaps you but does no damage.
The elephant is engulfed in seething chaos.
The elephant tramples you but does no damage.
The elephant closely misses you.
Unknown command.
Unknown command.
Unknown command.
You shoot an arrow. The arrow hits the elephant!
The arrow freezes the elephant.
The elephant is almost dead.
You are engulfed in seething chaos.
The elephant is engulfed in seething chaos.
The elephant tramples you!
You die...
Xom thinks this is hilarious!

# #### ##
#.##..P##.######
................
................
................
.......@........
.......YY†......
................
................
................
................
................
................
.##.##.###.####


You could see 2 elephants.

Vanquished Creatures
  A catoblepas (Lair:1)
  3 two-headed ogres
  Erica (Lair:1)
  A soul eater (D:9)
  A lindwurm (Lair:1)
  Maurice (D:7)
  3 elephants (Lair:2)
  A smoke demon (D:9)
  Maggie (D:7)
  A cane toad (Lair:1)
  3 komodo dragons
  A troll (D:10)
  Grinder (D:4)
  A hellwing (D:9)
  Prince Ribbit (D:8)
  3 hornets
  5 blink frogs (Lair:1)
  30 yaks
  A wraith (D:5)
  3 wyverns
  Grum (D:10)
  4 steam dragons
  An acid dragon (D:8)
  5 water moccasins
  4 ice beasts
  5 orc warriors
  A sky beast (D:8)
  3 black bears
  An ogre (D:5)
  5 centaurs
  2 wolves (D:10)
  A weeping skull (Ossuary)
  2 kobold brigands
  11 bullfrogs
  5 scorpions
  Blork the orc (D:4)
  10 water moccasin zombies (Ossuary)
  14 wights
  5 howler monkeys
  7 electric eels (D:9)
  A crimson imp (D:9)
  4 jellies
  7 orc priests
  4 hounds
  A gnoll bouda (D:8)
  2 sleepcaps
  Ijyb (D:5)
  2 spectral scorpions (Ossuary)
  2 iguanas
  14 orc wizards
  A crocodile zombie (Ossuary)
  2 mummies (Ossuary)
  Robin (D:3)
  12 adders
  36 gnolls
  2 shadow imps
  2 white imps
  2 ufetubi
  3 adder zombies (Ossuary)
  3 dart slugs
  63 orcs
  5 endoplasms
  8 giant cockroaches
  7 goblins
  8 hobgoblins
  19 jackals
  12 kobolds
  3 quokkas
  6 ball pythons
  8 bats
  A frilled lizard (D:1)
  7 gnoll zombies (Ossuary)
  2 jackal zombies (Ossuary)
  An orc zombie (Ossuary)
  11 rats
414 creatures vanquished.

Vanquished Creatures (collateral kills)
  2 two-headed ogres
  A soul eater (D:9)
  A deep elf pyromancer (D:10)
  A gargoyle (D:10)
  A hornet (D:10)
  A killer bee (D:9)
  3 orc wizards
10 creatures vanquished.

Vanquished Creatures (others)
  A hornet (D:9)
  5 dream sheep (D:8)
6 creatures vanquished.

Grand Total: 430 creatures vanquished

Notes
Turn   | Place    | Note
-------+----------+-------------------------------------------
     0 | D:1      | spaghetti the Demonspawn Hunter began the quest for the
                  | Orb.
     0 | D:1      | Reached XP level 1. HP: 16/16 MP: 1/1
   133 | D:1      | Reached skill level 4 in Ranged Weapons
   137 | D:1      | Gained mutation: Your demonic aura sometimes causes spilled
                  | blood to erupt in flames. [demonic ancestry]
   137 | D:1      | Reached XP level 2. HP: 22/22 MP: 2/2
   432 | D:1      | Reached XP level 3. HP: 23/27 MP: 3/3
  1017 | D:2      | Found a shimmering altar of Xom.
  1028 | D:2      | Became a worshipper of Xom of Chaos
  1231 | D:2      | Reached skill level 5 in Ranged Weapons
  1333 | D:2      | Reached XP level 4. HP: 33/33 MP: 4/4
  1467 | D:2      | XOM: divination: detect items
  1731 | D:3      | Found an ancient bone altar of Kikubaaqudgha.
  1747 | D:3      | XOM: cloud trail
  1827 | D:3      | Gained mutation: You are partially covered in sharp spines.
                  | [demonic ancestry]
  1827 | D:3      | Reached XP level 5. HP: 28/38 MP: 5/5
  1998 | D:3      | Noticed Robin
  2007 | D:3      | Reached skill level 6 in Ranged Weapons
  2019 | D:3      | Killed Robin
  2661 | D:4      | Found a staircase to the Ecumenical Temple.
  2675 | D:4      | Identified the +2 mace of the Eternal Warrior {freeze, rF+
                  | SInv}
  2695 | D:4      | Noticed Blork the orc
  2706 | D:4      | Killed Blork the orc
  2707 | D:4      | Reached XP level 6. HP: 27/44 MP: 6/6
  2782 | D:4      | XOM: noise
  2785 | D:4      | Gained mutation: You are clumsy. (Dex -2) [potion of
                  | mutation]
  2785 | D:4      | Gained mutation: Your spells are a little easier to cast,
                  | but a little less powerful. [potion of mutation]
  2785 | D:4      | Gained mutation: You have supernaturally acute eyesight.
                  | (SInv) [potion of mutation]
  2785 | D:4      | XOM: summons friendly shadow imp
  2800 | D:4      | Reached skill level 7 in Ranged Weapons
  2925 | D:4      | Identified the amulet "Higruleq" {*Slow rElec rPois Regen+
                  | Str+4} (Xom gifted it to you on level 4 of the Dungeon)
  2925 | D:4      | XOM: god gift: amulet "Higruleq" {*Slow rElec rPois Regen+
                  | Str+4}
  3098 | D:4      | Noticed Grinder
  3100 | D:4      | XOM: divination: detect creatures
  3110 | D:4      | Killed Grinder
  3111 | D:4      | Reached skill level 8 in Ranged Weapons
  3111 | D:4      | Reached XP level 7. HP: 41/50 MP: 7/7
  3262 | D:4      | Found a hide-covered altar of Uskayaw.
  3573 | D:4      | XOM: silly message
  3621 | D:5      | Entered Level 5 of the Dungeon
  3664 | D:5      | XOM: 1-stop teleportation journey
  3671 | D:5      | Noticed a two-headed ogre
  3674 | D:5      | XOM: potion effect (brilliance)
  3681 | D:5      | Killed a two-headed ogre
  3682 | D:5      | Reached skill level 10 in Ranged Weapons
  3682 | D:5      | Reached XP level 8. HP: 55/56 MP: 8/8
  3743 | D:5      | Found a shimmering blue altar of Sif Muna.
  3891 | D:5      | Found a sand-covered staircase.
  3994 | D:5      | Found the +7 Kryia's mail coat {PotionHeal*2 rC+}
  4050 | Ossuary  | Entered an ossuary
  4055 | Ossuary  | XOM: silly message
  4062 | Ossuary  | Reached skill level 11 in Ranged Weapons
  4111 | Ossuary  | XOM: divination: detect items
  4128 | Ossuary  | Reached XP level 9. HP: 41/61 MP: 9/9
  4277 | Ossuary  | XOM: cloud trail
  4385 | Ossuary  | XOM: cloud trail
  4562 | D:5      | Reached skill level 12 in Ranged Weapons
  4691 | D:5      | XOM: enchant monster (bad)
  5024 | D:5      | Noticed Ijyb
  5035 | D:5      | Killed Ijyb
  5149 | D:5      | Reached skill level 1 in Armour
  5445 | D:6      | XOM: potion effect (haste)
  5649 | D:6      | Reached skill level 13 in Ranged Weapons
  5870 | D:6      | Reached XP level 10. HP: 55/66 MP: 10/10
  6148 | D:6      | XOM: 9-stop teleportation journey
  6502 | D:7      | Found an opulent altar of Gozag.
  6732 | D:7      | Noticed Maggie
  6746 | D:7      | Killed Maggie
  6861 | D:7      | XOM: silly message
  7066 | D:7      | Noticed Maurice
  7066 | D:7      | XOM: silly message
  7075 | D:7      | Killed Maurice
  7076 | D:7      | Reached skill level 5 in Armour
  7076 | D:7      | Reached skill level 5 in Dodging
  7165 | D:8      | XOM: silly message
  7205 | D:8      | Found a hazy altar of Hepliaklqana.
  7280 | D:8      | Noticed Prince Ribbit
  7297 | D:8      | Killed Prince Ribbit
  7346 | D:8      | Found an ornate altar of the Wu Jian Council.
  7507 | D:8      | Found a shimmering altar of Xom.
  7753 | D:8      | Noticed a two-headed ogre
  7766 | D:8      | Killed a two-headed ogre
  7767 | D:8      | Reached XP level 11. HP: 51/72 MP: 11/11
  7823 | D:8      | Noticed a two-headed ogre
  7829 | D:8      | XOM: divination: detect creatures
  7832 | D:8      | Killed a two-headed ogre
  7833 | D:8      | Reached skill level 14 in Ranged Weapons
  7981 | D:9      | Found Fod Winits's Antique Armour Shop.
  8057 | D:9      | XOM: summons friendly white imp
  8065 | D:9      | XOM: chaos cloud
  8070 | D:10     | Entered Level 10 of the Dungeon
  8070 | D:10     | Noticed a two-headed ogre
  8082 | D:9      | XOM: 4-stop teleportation journey
  8129 | D:9      | Killed a two-headed ogre
  8214 | D:9      | XOM: 2-stop teleportation journey
  8223 | D:9      | XOM: 2-stop teleportation journey
  8251 | D:9      | Found Loiluoto's Self-Published Books.
  8417 | D:9      | Identified the +2 rapier of the Lamprey {venom, rC- Int+5
                  | Dex+8}
  8457 | D:9      | Found a staircase to the Lair.
  8487 | D:9      | Noticed a soul eater
  8489 | D:9      | Noticed a soul eater
  8491 | D:9      | XOM: noise
  8493 | D:9      | XOM: summons friendly white imp
  8497 | D:9      | XOM: polymorph white imp -> quasit
  8510 | D:9      | Killed a soul eater
  8523 | D:9      | XOM: enchant monster (bad)
  8527 | D:9      | XOM: noise
  8528 | D:9      | Killed a soul eater
  8681 | D:9      | Reached skill level 10 in Dodging
  8992 | D:10     | XOM: torment (37/72 hp)
  9065 | D:10     | Noticed a deep elf pyromancer
  9066 | D:10     | Noticed a two-headed ogre
  9072 | D:10     | Noticed an orc knight
  9072 | D:10     | Killed a deep elf pyromancer
  9073 | D:10     | Gained mutation: Your demonic aura often causes spilled
                  | blood to erupt in flames. [demonic ancestry]
  9073 | D:10     | Reached XP level 12. HP: 60/78 MP: 12/12
  9074 | D:10     | XOM: smoke on damage
  9082 | D:10     | Noticed Grum
  9082 | D:10     | Noticed a two-headed ogre
  9091 | D:10     | Killed Grum
  9103 | D:10     | Killed a two-headed ogre
  9181 | Lair:1   | Entered Level 1 of the Lair of Beasts
  9182 | Lair:1   | Lost mutation: You are clumsy. (Dex -2) [potion of
                  | mutation]
  9182 | Lair:1   | Lost mutation: You have supernaturally acute eyesight.
                  | (SInv) [potion of mutation]
  9182 | Lair:1   | Lost mutation: Your spells are a little easier to cast, but
                  | a little less powerful. [potion of mutation]
  9182 | Lair:1   | Gained mutation: Your spells are a little easier to cast,
                  | but a little less powerful. [potion of mutation]
  9182 | Lair:1   | Gained mutation: Your magical capacity is low. (-10% MP)
                  | [potion of mutation]
  9198 | Lair:1   | Noticed Erica
  9203 | Lair:1   | XOM: god gift: encrusted copper ring {god gift}
  9211 | Lair:1   | Killed Erica
  9212 | Lair:1   | Reached skill level 15 in Ranged Weapons
  9221 | Lair:1   | Noticed a catoblepas
  9387 | Lair:1   | XOM: divination: magic mapping
  9391 | Lair:1   | Killed a catoblepas
  9537 | Lair:1   | XOM: 5-stop teleportation journey
  9637 | Lair:1   | XOM: 5-stop teleportation journey
  9692 | Lair:1   | XOM: cast spell 'Alistair's Intoxication'
  9754 | Lair:1   | XOM: blink monster(s)
  9757 | Lair:1   | XOM: confuse monster(s)
  9807 | Lair:1   | Found a runed translucent gate.
  9892 | Lair:1   | Found a runed translucent gate.
  9892 | Lair:1   | Found a runed translucent gate.
  9895 | Lair:1   | Noticed Fractals's ghost (novice MDFi)
  9895 | Lair:1   | Noticed a ten-headed hydra
  9895 | Lair:1   | Noticed a nine-headed hydra
 10213 | Lair:2   | Noticed a death yak
 10214 | Lair:2   | XOM: fog
 10214 | Lair:2   | Noticed a death yak
 10215 | Lair:2   | Noticed a death yak
 10218 | Lair:2   | Noticed a death yak
 10219 | Lair:2   | Noticed a death yak
 10220 | Lair:2   | Noticed a death yak
 10224 | Lair:2   | XOM: 1-stop teleportation journey
 10230 | Lair:2   | XOM: chaos cloud
 10239 | Lair:2   | Slain by an elephant

Illustrated notes

Levels and vault maps discovered:
D:1:      reono_arrival_mine, layout_loops_ring
D:2:      layout_loops_corners, basic_altar
D:3:      layout_basic, mainiacjoe_overflow_24_doors,
          nicolae_tso_carved_into_rock, corexii_hall_statues_t,
          corexii_corridor_pit, chequers_serial_rivers_room_b, uniq_robin
D:4:      layout_loops_cross, jmf_multi_god_temple2, minmay_temple_entry_glass,
          grunt_decor_clamped, uniq_grinder, uniq_blork_the_orc
D:5:      lemuel_castle_with_subvaults [lemuel_castle_interior_original],
          layout_rooms, elyvilon_altar_1, mainiacjoe_overflow_six_doors_small,
          nicolae_ossuary_entry_monument, palyth_stone_intersect,
          grunt_ministairs_15, hex_large, kennysheep_generic_room_11, uniq_ijyb
D:6:      layout_basic, gup_sewer_entry_glass, minmay_manual_mail
D:7:      layout_basic, nicolae_gozag_cash_rules_everything_around_me,
          minmay_manual_moon, uniq_maggie, uniq_maurice
D:8:      minmay_polygon_palace, layout_rooms, nicolae_wu_jian_glorious_leap,
          kb_xom_exploding_sheep, nicolae_hepliaklqana_hazy_memory,
          uniq_prince_ribbit1
D:9:      layout_small_grid, dpeg_oklobed_lair, serial_bayou,
          serial_bayou_lagoon_b, serial_bayou_shore_b, serial_bayou_pond_a,
          serial_bayou_pond_b, serial_bayou_pond_d, serial_bayou_ford_a,
          serial_shops, shop, nicolae_custom_books,
          nicolae_demonic_statue_gallery
D:10:     cheibrodos_barr_body, layout_loops_ring, uniq_grum
Lair:1:   layout_regular_city, gammafunk_ghost_hydra_chop, uniq_erica
Lair:2:   layout_small_grid, gammafunk_ghost_split, nicolae_lair_liquid_snakes

Skill      XL: |  1  2  3  4  5  6  7  8  9 10 11 12 |
---------------+-------------------------------------+-----
Ranged Weapons | 4 5 6 8 10 11 13 14 15 | 15.6
Armour         | 3 6 8 9 |  9.6
Dodging        | 2 7 10 12 | 12.3
Fighting       | |  2.0
Stealth        | |  0.8

Action                     |  1- 3 |  4- 6 |  7- 9 | 10-12 || total
---------------------------+-------+-------+-------+-------++-------
  Melee: Shortbow          |       |     2 |       |       ||     2
   Fire: Shortbow          |   131 |   142 |   331 |     2 ||   606
         Orcbow            |       |       |       |   626 ||   626
  Evoke: Wand              |       |       |       |     4 ||     4
    Use: Scroll            |     1 |     5 |     7 |    18 ||    31
         Potion            |       |     5 |     4 |     7 ||    16
 Armour: Leather armour    |    28 |    36 |    47 |       ||   111
         Scale mail        |       |       |    40 |   319 ||   359
  Dodge: Dodged            |    31 |    36 |    79 |   302 ||   448
  Block: Other             |    14 |    15 |    27 |    11 ||    67
         Reflection        |       |       |     1 |       ||     1

Table legend: (Time is in decaauts)
 A = Elapsed time spent in this place.
 B = Non-inter-level travel time spent in this place.
 C = Inter-level travel time spent in this place.
 D = Time resting spent in this place.
 E = Time spent auto-exploring this place.
 F = Levels seen in this place.
 G = Mean time per level.
                   A        B        C        D        E       F      G
               +--------+--------+--------+--------+--------+-----+--------+
         Total |  10373 |   9930 |    443 |    427 |   7440 |  13 |  797.9 |
       Dungeon |   9002 |   8580 |    422 |    230 |   6631 |  10 |  900.2 |
          Lair |    912 |    891 |     21 |     26 |    658 |   2 |  456.0 |
       Ossuary |    459 |    459 |      0 |    170 |    151 |   1 |  459.0 |
               +--------+--------+--------+--------+--------+-----+--------+

Top non-repeatable levels by time:
     D:5: 1374 daAuts
     D:9: 1124 daAuts
     D:6: 1120 daAuts
     D:3: 1022 daAuts
     D:4: 978 daAuts
     D:2: 961 daAuts
  Lair:1: 842 daAuts
     D:8: 825 daAuts
     D:1: 693 daAuts
     D:7: 674 daAuts
 Ossuary: 459 daAuts
    D:10: 226 daAuts
  Lair:2: 70 daAuts
